[Event "VI Floripa Open 2020"]
[Site "Florianopolis"]
[Date "2020.01.21"]
[Round "3.96"]
[White "Moretto, Heitor Frainer"]
[Black "Bracht, Rainer"]
[Result "1/2-1/2"]
[ECO "A00"]
[WhiteElo "1498"]
[BlackElo "1856"]
[Annotator "NA"]
[PlyCount "38"]
[EventDate "2020.01.20"]
[EventType "swiss"]
[EventRounds "10"]
[EventCountry "BRA"]
[SourceTitle "playchess.com"]
[Source "ChessBase"]
[SourceQuality "1"]
[TimeControl "5400+30"]

1. d4 Nf6 2. Bf4 d5 3. e3 e6 4. Nf3 c5 5. c3 Nc6 6. Nbd2 Be7 7. h3 O-O 8. Bd3 h6 9. O-O cxd4 10. exd4 Bd6 11. Ne5 Qc7 12. Re1 Nd7 13. Qh5 Nf6 14. Qh4 Bxe5 15. dxe5 Nd7 16. Bxh6 Ndxe5 17. Bxg7 Kxg7 18. Qh7+ Kf6 19. Qh4+ Kg7 1/2-1/2

[Event "VI Floripa Open 2020"]
[Site "Florianopolis"]
[Date "2020.01.21"]
[Round "3.97"]
[White "Valcarcel, Victor Ignacio dos S"]
[Black "Kojima, Rodrigo Yosuke"]
[Result "1-0"]
[ECO "A00"]
[WhiteElo "1856"]
[BlackElo "1513"]
[Annotator "NA"]
[PlyCount "32"]
[EventDate "2020.01.20"]
[EventType "swiss"]
[EventRounds "10"]
[EventCountry "BRA"]
[SourceTitle "playchess.com"]
[Source "ChessBase"]
[SourceQuality "1"]
[TimeControl "5400+30"]

1. e4 e6 2. Nc3 d5 3. Nf3 Nf6 4. e5 Nfd7 5. d4 c5 6. dxc5 Bxc5 7. Bd3 Nc6 8. Bf4 a6 9. O-O Nd4 10. Re1 b6 11. Ng5 g6 12. Qg4 Be7 13. Rad1 Nc6 14. Qg3 Bb7 15. a3 Bxg5 16. Bxg5 Qb8 {Falta lance} 1-0

[Event "VI Floripa Open 2020"]
[Site "Florianopolis"]
[Date "2020.01.21"]
[Round "3.98"]
[White "Buganca, Luiz Henrique Da Sil"]
[Black "De Souza, Augusto Felipe Moura"]
[Result "1-0"]
[ECO "D08"]
[WhiteElo "1854"]
[BlackElo "1500"]
[Annotator "NA"]
[PlyCount "85"]
[EventDate "2020.01.20"]
[EventType "swiss"]
[EventRounds "10"]
[EventCountry "BRA"]
[SourceTitle "playchess.com"]
[Source "ChessBase"]
[SourceQuality "1"]
[TimeControl "5400+30"]

1. d4 d5 2. c4 e5 3. dxe5 d4 4. Nf3 Nc6 5. Nbd2 Bb4 6. a3 Bxd2+ 7. Qxd2 Be6 8. e3 dxe3 9. Qxe3 Nge7 10. Bd3 Nf5 11. Bxf5 Bxf5 12. O-O O-O 13. b3 Re8 14. Bb2 Qe7 15. Rfe1 Rad8 16. Qf4 Be6 17. h4 Qc5 18. Rac1 Rd3 19. b4 Qe7 20. Qe4 Rd7 21. Ng5 g6 22. Qf4 Bf5 23. g4 h6 24. gxf5 hxg5 25. hxg5 gxf5 26. Qxf5 Nd4 27. Qg4 Ne6 28. Re3 Red8 29. Rce1 Nd4 30. g6 fxg6 31. e6 Rd6 32. Qxg6+ Qg7 33. Qxg7+ Kxg7 34. e7 Re8 35. Re4 Kf7 36. Bxd4 Rg6+ 37. Kf1 b6 38. R1e3 Rh6 39. Rf4+ Kg8 40. Rg3+ Rg6 41. Rxg6+ Kh7 42. Rg7+ Kh6 43. Rh4# 1-0

[Event "VI Floripa Open 2020"]
[Site "Florianopolis"]
[Date "2020.01.21"]
[Round "3.99"]
[White "Borges, Lucas Silvestre"]
[Black "Feller, Isadora Cristina Vic"]
[Result "1-0"]
[ECO "A00"]
[WhiteElo "1847"]
[BlackElo "1177"]
[Annotator "NA"]
[PlyCount "91"]
[EventDate "2020.01.20"]
[EventType "swiss"]
[EventRounds "10"]
[EventCountry "BRA"]
[SourceTitle "playchess.com"]
[Source "ChessBase"]
[SourceQuality "1"]
[TimeControl "5400+30"]

1. d4 d5 2. Bg5 Bg4 3. Nf3 Nf6 4. Bxf6 Bxf3 5. gxf3 gxf6 6. e3 e6 7. Nc3 Bb4 8. Qd3 Nc6 9. a3 Ba5 10. b4 Bb6 11. Qd2 Qd6 12. Nb5 Qd7 13. c4 dxc4 14. Bxc4 a6 15. Nc3 O-O-O 16. O-O-O f5 17. f4 f6 18. d5 exd5 19. Nxd5 Ba7 20. Nxf6 Qxd2+ 21. Rxd2 Rxd2 22. Kxd2 Rd8+ 23. Kc2 h6 24. Be6+ Kb8 25. Bxf5 Ka8 26. Be4 Rd6 27. Nd5 Kb8 28. Rg1 Bb6 29. Rg8+ Ka7 30. Rg6 Rxg6 31. Bxg6 a5 32. Nxb6 Kxb6 33. Kb3 axb4 34. axb4 Ne7 35. Be4 Ng8 36. Kc4 Nf6 37. Bf3 c6 38. e4 Kc7 39. e5 b5+ 40. Kd4 Ng8 41. Kc5 Ne7 42. Be4 Kd7 43. f5 h5 44. e6+ Ke8 45. f6 Nc8 46. Bxc6+ {abd} 1-0

[Event "VI Floripa Open 2020"]
[Site "Florianopolis"]
[Date "2020.01.21"]
[Round "3.100"]
[White "Machado, Luiz Fernando"]
[Black "Nunes, Guilherme Sacardo Te"]
[Result "0-1"]
[ECO "A00"]
[WhiteElo "1492"]
[BlackElo "1808"]
[Annotator "NA"]
[PlyCount "55"]
[EventDate "2020.01.20"]
[EventType "swiss"]
[EventRounds "10"]
[EventCountry "BRA"]
[SourceTitle "playchess.com"]
[Source "ChessBase"]
[SourceQuality "1"]
[TimeControl "5400+30"]

1. e4 e6 2. d4 d5 3. exd5 exd5 4. Bd3 Bd6 5. c3 Nc6 6. Nf3 Nge7 7. Qc2 Bg4 8. Nbd2 Qd7 9. O-O O-O-O 10. a4 f6 11. b4 h5 12. a5 h4 13. b5 Nb8 14. b6 a6 15. c4 c6 16. cxd5 Nxd5 17. Be4 Nb4 18. Qc3 f5 19. Bd3 Nxd3 20. Qxd3 Bf4 21. Nb3 g5 22. Bxf4 gxf4 23. Ne5 Qd5 24. Ng6 Rh7 25. Nxf4 Qd6 26. Ne2 h3 27. g3 Bxe2 28. Qxe2 0-1

[Event "VI Floripa Open 2020"]
[Site "Florianopolis"]
[Date "2020.01.21"]
[Round "3.105"]
[White "Pertuzatti, Daniel"]
[Black "Santana Magalhaes, Amanda Borges"]
[Result "1-0"]
[ECO "A00"]
[WhiteElo "1937"]
[BlackElo "1584"]
[Annotator "NA"]
[PlyCount "59"]
[EventDate "2020.01.20"]
[EventType "swiss"]
[EventRounds "10"]
[EventCountry "BRA"]
[SourceTitle "playchess.com"]
[Source "ChessBase"]
[SourceQuality "1"]
[TimeControl "5400+30"]

1. e4 c5 2. Nf3 d6 3. d4 cxd4 4. Nxd4 Nf6 5. Nc3 g6 6. f4 Nc6 7. Be3 Bg7 8. Be2 O-O 9. Qd2 Ng4 10. Bg1 e5 11. Nxc6 bxc6 12. O-O-O exf4 13. Qxd6 Qxd6 14. Rxd6 Ne5 15. Bd4 Bb7 16. Rd1 Rfc8 17. Na4 Re8 18. Nc5 Bc8 19. Bxe5 Bxe5 20. Rxc6 f5 21. Bc4+ Kg7 22. exf5 Bxf5 23. Bd3 Bg4 24. Rf1 Bd4 25. Rc7+ Kh6 26. c3 Be3+ 27. Kc2 Rad8 28. h3 Be2 29. Re1 Bxd3+ 30. Nxd3 {abd} 1-0

[Event "VI Floripa Open 2020"]
[Site "Florianopolis"]
[Date "2020.01.21"]
[Round "3.106"]
[White "Moyses Sobrinho, Elias"]
[Black "Caporale, Giuseppe Guido"]
[Result "1-0"]
[ECO "E18"]
[WhiteElo "1926"]
[BlackElo "1581"]
[Annotator "NA"]
[PlyCount "78"]
[EventDate "2020.01.20"]
[EventType "swiss"]
[EventRounds "10"]
[EventCountry "BRA"]
[SourceTitle "playchess.com"]
[Source "ChessBase"]
[SourceQuality "1"]
[TimeControl "5400+30"]

1. d4 Nf6 2. c4 e6 3. Nf3 b6 4. g3 Bb7 5. Bg2 Be7 6. O-O Na6 7. Nc3 O-O 8. Ne5 Bxg2 9. Kxg2 c6 10. Qa4 Nc7 11. e4 a6 12. Bf4 h6 13. Rfd1 Qc8 14. d5 exd5 15. cxd5 cxd5 16. exd5 b5 17. Qd4 Nce8 18. Rac1 Qb7 19. Kf1 Nd6 20. Nd3 Nh5 21. Be5 Nf6 22. Nc5 Qb6 23. b4 Nc4 24. d6 Bd8 25. Qf4 Nxe5 26. Qxe5 Re8 27. Qf5 Ra7 28. Qf4 Qb8 29. Nd5 Nxd5 30. Rxd5 Bb6 31. Qf5 Bxc5 32. bxc5 Re6 33. Qd3 Qe8 34. c6 dxc6 35. d7 Qd8 36. Rd4 Rc7 37. Rd1 Re7 38. Qf5 c5 39. Rd6 Ra7 1-0

[Event "VI Floripa Open 2020"]
[Site "Florianopolis"]
[Date "2020.01.21"]
[Round "3.107"]
[White "Grillo, Carlos Henrique Gome"]
[Black "Andrade, Guilherme A. De Souz"]
[Result "0-1"]
[ECO "A00"]
[WhiteElo "1950"]
[BlackElo "1913"]
[Annotator "NA"]
[PlyCount "62"]
[EventDate "2020.01.20"]
[EventType "swiss"]
[EventRounds "10"]
[EventCountry "BRA"]
[SourceTitle "playchess.com"]
[Source "ChessBase"]
[SourceQuality "1"]
[TimeControl "5400+30"]

1. c4 e5 2. Nc3 Nc6 3. Nf3 f5 4. d3 Bb4 5. Bd2 Nf6 6. a3 Bxc3 7. Bxc3 d6 8. Qc2 O-O 9. g3 Qe8 10. O-O-O Rb8 11. Bg2 b5 12. b3 b4 13. Bb2 bxa3 14. Bxa3 Nb4 15. Bxb4 Rxb4 16. Kd2 Qc6 17. Rb1 Qb6 18. e3 Bd7 19. Rb2 a5 20. Rhb1 Rb8 21. Ke1 Qb7 22. Kf1 Bc6 23. Ne1 Bxg2+ 24. Nxg2 g6 25. Kg1 Nd7 26. Ne1 Nc5 27. Qd1 a4 28. Nc2 Rxb3 29. Rxb3 axb3 30. Na1 b2 31. Nc2 Qb3 {abd} 0-1

[Event "VI Floripa Open 2020"]
[Site "Florianopolis"]
[Date "2020.01.21"]
[Round "3.108"]
[White "Rosa, Gabriel Redon"]
[Black "Moro, Antonio Renato Perei"]
[Result "0-1"]
[ECO "B00"]
[WhiteElo "1576"]
[BlackElo "1880"]
[Annotator "NA"]
[PlyCount "62"]
[EventDate "2020.01.20"]
[EventType "swiss"]
[EventRounds "10"]
[EventCountry "BRA"]
[SourceTitle "playchess.com"]
[Source "ChessBase"]
[SourceQuality "1"]
[TimeControl "5400+30"]

1. e4 Nc6 2. d4 d5 3. e5 Bf5 4. h4 h6 5. g4 Be4 6. f3 Bg6 7. h5 Bh7 8. Bd3 Bxd3 9. Qxd3 e6 10. c3 Be7 11. f4 Bh4+ 12. Ke2 Be7 13. Nf3 Qd7 14. Be3 O-O-O 15. Nbd2 Bf8 16. b4 f6 17. Nb3 Nb8 18. a4 Qe8 19. b5 Nd7 20. a5 Kb8 21. Rhc1 Ne7 22. c4 dxc4 23. Qxc4 Nd5 24. a6 N5b6 25. Qd3 Nc5 26. Qd2 Qxb5+ 27. Kd1 Nxa6 28. Rab1 Qf1+ 29. Ne1 fxe5 30. Qc2 exf4 31. Bd2 Ba3 0-1

[Event "VI Floripa Open 2020"]
[Site "Florianopolis"]
[Date "2020.01.21"]
[Round "3.109"]
[White "Ramillo, Vitoria Matheus"]
[Black "Perutti, Rafael"]
[Result "1-0"]
[ECO "C07"]
[WhiteElo "1841"]
[BlackElo "1560"]
[Annotator "NA"]
[PlyCount "47"]
[EventDate "2020.01.20"]
[EventType "swiss"]
[EventRounds "10"]
[EventCountry "BRA"]
[SourceTitle "playchess.com"]
[Source "ChessBase"]
[SourceQuality "1"]
[TimeControl "5400+30"]

1. e4 e6 2. d4 d5 3. Nd2 c5 4. c3 Nc6 5. Ngf3 cxd4 6. cxd4 Be7 7. Bd3 Nb4 8. Bb1 dxe4 9. Nxe4 Nf6 10. O-O O-O 11. a3 Nc6 12. b4 Nxe4 13. Bxe4 Bf6 14. Bb2 Ne7 15. Qe2 Nd5 16. Ne5 Qd6 17. Rfd1 b6 18. b5 Bb7 19. a4 Nf4 20. Qf3 Bxe4 21. Qxe4 Nd5 22. Ba3 Qc7 23. Bxf8 Nc3 24. Qxa8 1-0

[Event "VI Floripa Open 2020"]
[Site "Florianopolis"]
[Date "2020.01.21"]
[Round "3.110"]
[White "Felix, Luiza de Oliveira"]
[Black "Da Silveira, Robson Gustavo M."]
[Result "0-1"]
[ECO "A17"]
[WhiteElo "1570"]
[BlackElo "1793"]
[Annotator "NA"]
[PlyCount "77"]
[EventDate "2020.01.20"]
[EventType "swiss"]
[EventRounds "10"]
[EventCountry "BRA"]
[SourceTitle "playchess.com"]
[Source "ChessBase"]
[SourceQuality "1"]
[TimeControl "5400+30"]

1. c4 Nf6 2. Nc3 e6 3. g3 d5 4. b3 d4 5. Nb5 c6 6. Na3 Bd6 7. Nf3 e5 8. Bg2 O-O 9. c5 Bxc5 10. Nxe5 Qe7 11. Nac4 Bb4 12. O-O Nd5 13. e4 dxe3 14. fxe3 Be6 15. d4 Bd6 16. Nxd6 Qxd6 17. Nc4 Qc7 18. e4 Nb6 19. Bf4 Qd8 20. Nd6 Qd7 21. d5 cxd5 22. exd5 Bg4 23. Qd2 f6 24. Rac1 g5 25. Bxg5 Qxd6 26. Bxf6 Rxf6 27. Rxf6 Qxf6 28. Rf1 Qg7 29. a4 a5 30. d6 N8d7 31. Bxb7 Rf8 32. Rxf8+ Kxf8 33. b4 Qf6 34. bxa5 Ne5 35. d7 Bxd7 36. Qb4+ Qe7 37. Qxe7+ Kxe7 38. a6 Bc6 39. Kf2 0-1

[Event "VI Floripa Open 2020"]
[Site "Florianopolis"]
[Date "2020.01.21"]
[Round "3.111"]
[White "Lunelli, Neuri Antonio"]
[Black "Do Carmo, Luciano Dias"]
[Result "1-0"]
[ECO "A36"]
[WhiteElo "1786"]
[BlackElo "1559"]
[Annotator "NA"]
[PlyCount "89"]
[EventDate "2020.01.20"]
[EventType "swiss"]
[EventRounds "10"]
[EventCountry "BRA"]
[SourceTitle "playchess.com"]
[Source "ChessBase"]
[SourceQuality "1"]
[TimeControl "5400+30"]

1. c4 c5 2. g3 g6 3. Bg2 Bg7 4. Nc3 Nf6 5. e4 d6 6. Nge2 Nc6 7. O-O O-O 8. d3 a6 9. h3 Bd7 10. Be3 Rb8 11. Qd2 Re8 12. f4 b5 13. Rf2 e6 14. Raf1 bxc4 15. dxc4 Qc7 16. b3 h5 17. Bf3 e5 18. Bg2 Nd4 19. fxe5 Nxe2+ 20. Nxe2 dxe5 21. Rxf6 Bxf6 22. Rxf6 Re6 23. Rf1 Rd6 24. Qc2 Be6 25. Kh2 Rbd8 26. Nc3 f5 27. Nd5 Bxd5 28. exd5 e4 29. Bf4 Qg7 30. Qf2 R6d7 31. Qxc5 g5 32. Be3 Rf7 33. Bd4 Qg6 34. Bc3 h4 35. Qd4 hxg3+ 36. Kg1 Rh7 37. Qf6 Qxf6 38. Bxf6 Rf8 39. Rxf5 e3 40. Rxg5+ Kf7 41. Bc3 e2 42. Rxg3 Ke8 43. Be1 Rh5 44. Kh2 Re5 45. d6 1-0

[Event "VI Floripa Open 2020"]
[Site "Florianopolis"]
[Date "2020.01.21"]
[Round "3.112"]
[White "Rodrigues, Natanael Isau"]
[Black "Ferreira, Angelo Augusto Pache"]
[Result "0-1"]
[ECO "C22"]
[WhiteElo "1775"]
[BlackElo "1547"]
[Annotator "NA"]
[PlyCount "54"]
[EventDate "2020.01.20"]
[EventType "swiss"]
[EventRounds "10"]
[EventCountry "BRA"]
[SourceTitle "playchess.com"]
[Source "ChessBase"]
[SourceQuality "1"]
[TimeControl "5400+30"]

1. e4 e5 2. d4 exd4 3. Qxd4 Nf6 4. Qe3 g6 5. Bd2 Bg7 6. Nc3 Nc6 7. O-O-O O-O 8. Bc4 Re8 9. f4 Na5 10. Be2 b6 11. Be1 Bb7 12. Bd3 d5 13. Qe2 c5 14. Bb5 Re7 15. Bh4 d4 16. e5 Qc7 17. Nb1 a6 18. Qf1 Re6 19. exf6 Bh6 20. Be2 Bxf4+ 21. Nd2 c4 22. Kb1 c3 23. Nc4 Rd8 24. Bg3 Rxf6 25. Bxf4 Rxf4 26. Nf3 b5 27. Nxa5 Qxa5 0-1

[Event "VI Floripa Open 2020"]
[Site "Florianopolis"]
[Date "2020.01.21"]
[Round "3.113"]
[White "Rodrigues, Asafe Costa"]
[Black "Junior, Elias Vidal Bezerra"]
[Result "1/2-1/2"]
[ECO "B01"]
[WhiteElo "1773"]
[BlackElo "1536"]
[Annotator "NA"]
[PlyCount "86"]
[EventDate "2020.01.20"]
[EventType "swiss"]
[EventRounds "10"]
[EventCountry "BRA"]
[SourceTitle "playchess.com"]
[Source "ChessBase"]
[SourceQuality "1"]
[TimeControl "5400+30"]

1. e4 d5 2. exd5 Qxd5 3. Nc3 Qa5 4. d4 Nf6 5. Bc4 Bg4 6. Nge2 e6 7. f3 Bh5 8. g4 Bg6 9. h4 h6 10. Nf4 Bh7 11. Qe2 Nc6 12. Bb5 O-O-O 13. Bxc6 bxc6 14. Bd2 Rxd4 15. O-O Bc5 16. Kg2 Rhd8 17. Rfd1 Bxc2 18. Ne4 Qb6 19. Be3 Rxd1 20. Bxc5 Qb5 21. Qxb5 cxb5 22. Rxd1 Rxd1 23. Nc3 Rd2+ 24. Kg3 a6 25. Bf8 Ne8 26. Bc5 e5 27. Nfd5 Nd6 28. Be3 Rd3 29. Kf2 Nc4 30. Bc1 c6 31. Nb4 Rd1 32. Nxd1 Bxd1 33. b3 Nd6 34. Nxc6 f6 35. g5 e4 36. fxe4 Nxe4+ 37. Ke1 Bf3 38. gxh6 gxh6 39. Bxh6 Nc3 40. a3 Kd7 41. Kf2 Kxc6 42. Kxf3 Kd6 43. Ke3 Kd5 1/2-1/2

[Event "VI Floripa Open 2020"]
[Site "Florianopolis"]
[Date "2020.01.21"]
[Round "3.114"]
[White "Bernardes, Roberto Carlos Strut"]
[Black "Marques Junior, Marcos Antonio"]
[Result "0-1"]
[ECO "C15"]
[WhiteElo "1560"]
[BlackElo "1771"]
[Annotator "NA"]
[PlyCount "47"]
[EventDate "2020.01.20"]
[EventType "swiss"]
[EventRounds "10"]
[EventCountry "BRA"]
[SourceTitle "playchess.com"]
[Source "ChessBase"]
[SourceQuality "1"]
[TimeControl "5400+30"]

1. e4 e6 2. d4 d5 3. Nc3 Bb4 4. a3 Bxc3+ 5. bxc3 dxe4 6. Qg4 Nf6 7. Qxg7 Rg8 8. Qh6 Rg6 9. Qh4 b6 10. Ne2 Ba6 11. Nf4 Rg4 12. Qh6 Bxf1 13. Rxf1 Nbd7 14. f3 Rg8 15. a4 Ne5 16. g3 Ng6 17. Ba3 Qd7 18. Kf2 O-O-O 19. a5 b5 20. Bc5 a6 21. Rab1 Qc6 22. Kg2 Nd5 23. Nxd5 exd5 24. Qxh7 0-1

[Event "VI Floripa Open 2020"]
[Site "Florianopolis"]
[Date "2020.01.21"]
[Round "3.115"]
[White "Leffeck, Mateus Bernal"]
[Black "Da Rosa, Henrique Jaze Simoes"]
[Result "1-0"]
[ECO "D13"]
[WhiteElo "1552"]
[BlackElo "1763"]
[Annotator "NA"]
[PlyCount "87"]
[EventDate "2020.01.20"]
[EventType "swiss"]
[EventRounds "10"]
[EventCountry "BRA"]
[SourceTitle "playchess.com"]
[Source "ChessBase"]
[SourceQuality "1"]
[TimeControl "5400+30"]

1. c4 c6 2. Nc3 d5 3. cxd5 cxd5 4. d4 Nf6 5. g3 Nc6 6. Bg2 e6 7. Nf3 Be7 8. O-O O-O 9. Bd2 b6 10. Rc1 Bb7 11. e3 Rc8 12. Qe2 Nb4 13. Qd1 Ba6 14. Ne2 Rxc1 15. Bxc1 Nxa2 16. Bd2 Nb4 17. Bxb4 Bxb4 18. Ne5 Qc8 19. Bf3 Ne4 20. Kg2 Nd2 21. Rh1 Nxf3 22. Nxf3 Qc4 23. Nf4 Rc8 24. Qa4 Ba5 25. Qd7 Qc7 26. Qa4 Qc6 27. Qa3 Qc4 28. Ne5 Qc2 29. b4 Rc3 30. Qa1 Rxe3 31. Rc1 Qe4+ 32. Kg1 Bxb4 33. Qxa6 Re1+ 34. Rxe1 Qxe1+ 35. Kg2 Qe4+ 36. Nf3 g5 37. Nh5 Qg6 38. Qc8+ Bf8 39. g4 f5 40. Ne5 Qh6 41. Qe8 fxg4 42. Qf7+ Kh8 43. Nxg4 Qg6 44. Qxf8+ 1-0

[Event "VI Floripa Open 2020"]
[Site "Florianopolis"]
[Date "2020.01.21"]
[Round "3.116"]
[White "Backes, Jorge Henrique"]
[Black "Souza, Neurismar Da Rocha"]
[Result "1-0"]
[ECO "A14"]
[WhiteElo "1761"]
[BlackElo "1535"]
[Annotator "NA"]
[PlyCount "65"]
[EventDate "2020.01.20"]
[EventType "swiss"]
[EventRounds "10"]
[EventCountry "BRA"]
[SourceTitle "playchess.com"]
[Source "ChessBase"]
[SourceQuality "1"]
[TimeControl "5400+30"]

1. c4 e6 2. g3 Nf6 3. Bg2 d5 4. Nf3 b6 5. O-O Bb7 6. b3 Nbd7 7. Bb2 Be7 8. d3 O-O 9. e3 c5 10. Nc3 Bc6 11. Ne2 Qc7 12. Rc1 dxc4 13. bxc4 Ng4 14. h3 Ngf6 15. g4 Rad8 16. Ng3 Qb7 17. g5 Ne8 18. e4 g6 19. Qd2 Bd6 20. Nh2 f5 21. f4 Ng7 22. h4 Rf7 23. h5 Kf8 24. Rce1 e5 25. exf5 Nxf5 26. Nxf5 Rxf5 27. fxe5 Be7 28. Rxf5+ gxf5 29. g6 Kg7 30. e6+ Nf6 31. h6+ Kf8 32. Qg5 Rd4 33. Bxd4 1-0

[Event "VI Floripa Open 2020"]
[Site "Florianopolis"]
[Date "2020.01.21"]
[Round "3.117"]
[White "Hataby, Raed"]
[Black "Da Silva Junior, Marco Aurelio"]
[Result "1-0"]
[ECO "A00"]
[WhiteElo "1963"]
[BlackElo "1651"]
[Annotator "NA"]
[PlyCount "58"]
[EventDate "2020.01.20"]
[EventType "swiss"]
[EventRounds "10"]
[EventCountry "BRA"]
[SourceTitle "playchess.com"]
[Source "ChessBase"]
[SourceQuality "1"]
[TimeControl "5400+30"]

1. e4 c5 2. Nf3 e6 3. g3 Nc6 4. Bg2 g6 5. O-O Bg7 6. Re1 Nf6 7. d3 O-O 8. Nc3 b6 9. Bf4 d6 10. e5 Nd5 11. Nxd5 exd5 12. Qd2 dxe5 13. Nxe5 Nxe5 14. Bxe5 Be6 15. d4 Qd7 16. Re2 Rac8 17. c3 cxd4 18. Bxg7 Kxg7 19. Qxd4+ Kg8 20. Rd1 Bg4 21. f3 Be6 22. Red2 Qb5 23. Bf1 Qc5 24. Kf2 Rfe8 25. Re1 f5 26. f4 Bf7 27. Bg2 Qc7 28. Rde2 Qd7 29. Qf6 Rf8 {Ilegivel} 1-0

[Event "VI Floripa Open 2020"]
[Site "Florianopolis"]
[Date "2020.01.21"]
[Round "3.118"]
[White "Flores, Clarice Soares Leite"]
[Black "Martinez, Augusto Gonzalez"]
[Result "0-1"]
[ECO "D02"]
[WhiteElo "1546"]
[BlackElo "1772"]
[Annotator "NA"]
[PlyCount "66"]
[EventDate "2020.01.20"]
[EventType "swiss"]
[EventRounds "10"]
[EventCountry "BRA"]
[SourceTitle "playchess.com"]
[Source "ChessBase"]
[SourceQuality "1"]
[TimeControl "5400+30"]

1. d4 Nf6 2. Nf3 d5 3. Bf4 c5 4. c3 Nc6 5. e3 Qb6 6. Qb3 c4 7. Qc2 g6 8. Nbd2 Bf5 9. Qc1 Bg7 10. Ne5 Nxe5 11. Bxe5 O-O 12. Be2 Bh6 13. h3 Nd7 14. Bg3 f6 15. Bg4 Bxg4 16. hxg4 Bg7 17. b3 cxb3 18. axb3 e5 19. O-O Rac8 20. Qc2 a5 21. Rfe1 f5 22. gxf5 Rxf5 23. Nf3 e4 24. Nd2 Nf6 25. Rec1 Nh5 26. Bh2 Rcf8 27. Rf1 Bh6 28. Be5 Qe6 29. b4 Rg5 30. c4 Qh3 31. Bg3 Rxg3 32. fxg3 Bxe3+ 33. Rf2 Bxf2+ 0-1

[Event "VI Floripa Open 2020"]
[Site "Florianopolis"]
[Date "2020.01.21"]
[Round "3.119"]
[White "Stroher, Victor Augusto"]
[Black "Predebon, Eduardo Angonesi"]
[Result "1/2-1/2"]
[ECO "B13"]
[WhiteElo "1529"]
[BlackElo "1756"]
[Annotator "NA"]
[PlyCount "45"]
[EventDate "2020.01.20"]
[EventType "swiss"]
[EventRounds "10"]
[EventCountry "BRA"]
[SourceTitle "playchess.com"]
[Source "ChessBase"]
[SourceQuality "1"]
[TimeControl "5400+30"]

1. e4 c6 2. d4 d5 3. exd5 cxd5 4. Nf3 Bg4 5. Be2 Nf6 6. O-O e6 7. Re1 Be7 8. Bf4 O-O 9. Nbd2 Nc6 10. c3 Qb6 11. Qb3 Nd7 12. Nf1 Rac8 13. Ne3 Bh5 14. Ne5 Ncxe5 15. Bxe5 Bxe2 16. Rxe2 Qa6 17. Rae1 Rc6 18. Bg3 Rfc8 19. Nxd5 Bf8 20. Nb4 Bxb4 21. Qxb4 Rb6 22. Qe7 Nf6 23. Be5 1/2-1/2

[Event "VI Floripa Open 2020"]
[Site "Florianopolis"]
[Date "2020.01.21"]
[Round "3.120"]
[White "Seiffert, Gabriel Pamplona"]
[Black "Assuncao, Darlane Brito"]
[Result "1-0"]
[ECO "E61"]
[WhiteElo "1524"]
[BlackElo "1756"]
[Annotator "NA"]
[PlyCount "51"]
[EventDate "2020.01.20"]
[EventType "swiss"]
[EventRounds "10"]
[EventCountry "BRA"]
[SourceTitle "playchess.com"]
[Source "ChessBase"]
[SourceQuality "1"]
[TimeControl "5400+30"]

1. d4 Nf6 2. c4 c5 3. e3 g6 4. Nc3 Bg7 5. Nf3 O-O 6. Be2 cxd4 7. exd4 d6 8. O-O Nbd7 9. Bg5 h6 10. Be3 Ng4 11. Bf4 e5 12. dxe5 dxe5 13. Bg3 e4 14. Nd2 Bxc3 15. bxc3 Ngf6 16. Nb3 Re8 17. Qd2 e3 18. Qc2 exf2+ 19. Bxf2 Ne4 20. Bd4 f5 21. Bf3 Qg5 22. Rae1 Nd6 23. Bd5+ Kh7 24. Rxe8 Nxe8 25. Re1 Ng7 26. Qe2 1-0

[Event "VI Floripa Open 2020"]
[Site "Florianopolis"]
[Date "2020.01.21"]
[Round "3.121"]
[White "Melo, Igor de Souza"]
[Black "Japiassu, Glauco Antonio Bezer"]
[Result "1-0"]
[ECO "C06"]
[WhiteElo "1755"]
[BlackElo "1522"]
[Annotator "NA"]
[PlyCount "29"]
[EventDate "2020.01.20"]
[EventType "swiss"]
[EventRounds "10"]
[EventCountry "BRA"]
[SourceTitle "playchess.com"]
[Source "ChessBase"]
[SourceQuality "1"]
[TimeControl "5400+30"]

1. e4 e6 2. d4 d5 3. Nd2 Nf6 4. e5 Nfd7 5. Bd3 c5 6. c3 Nc6 7. Ne2 cxd4 8. cxd4 Bb4 9. a3 Bxd2+ 10. Bxd2 O-O 11. O-O Qb6 12. Bc3 f6 13. Nf4 Nd8 14. Bb4 Re8 15. Qh5 1-0

[Event "VI Floripa Open 2020"]
[Site "Florianopolis"]
[Date "2020.01.21"]
[Round "3.122"]
[White "Luz, Christian Oliveira"]
[Black "Durante, Taina"]
[Result "1/2-1/2"]
[ECO "E93"]
[WhiteElo "1521"]
[BlackElo "1752"]
[Annotator "NA"]
[PlyCount "48"]
[EventDate "2020.01.20"]
[EventType "swiss"]
[EventRounds "10"]
[EventCountry "BRA"]
[SourceTitle "playchess.com"]
[Source "ChessBase"]
[SourceQuality "1"]
[TimeControl "5400+30"]

1. d4 Nf6 2. c4 g6 3. Nc3 Bg7 4. e4 d6 5. Nf3 O-O 6. h3 e5 7. d5 Nbd7 8. Be2 a5 9. Be3 Ne8 10. Bd3 Nc5 11. Bxc5 dxc5 12. Bc2 Nd6 13. Qe2 Qe7 14. Ba4 f5 15. O-O f4 16. Rfd1 g5 17. Nh2 Kf7 18. Nb5 Ra6 19. Nxd6+ Rxd6 20. Rd3 h5 21. f3 Qd8 22. Rad1 Rh8 23. a3 b6 24. Bc6 Rdh6 1/2-1/2

[Event "VI Floripa Open 2020"]
[Site "Florianopolis"]
[Date "2020.01.21"]
[Round "3.123"]
[White "Cordeiro, Yan Henrique"]
[Black "Koinski, Carlos Cesar"]
[Result "1/2-1/2"]
[ECO "B30"]
[WhiteElo "1749"]
[BlackElo "1511"]
[Annotator "NA"]
[PlyCount "66"]
[EventDate "2020.01.20"]
[EventType "swiss"]
[EventRounds "10"]
[EventCountry "BRA"]
[SourceTitle "playchess.com"]
[Source "ChessBase"]
[SourceQuality "1"]
[TimeControl "5400+30"]

1. e4 c5 2. Nf3 Nc6 3. Bb5 d6 4. O-O Qc7 5. Bxc6+ Qxc6 6. Qe2 e6 7. c3 g6 8. d4 Bg7 9. d5 Qc7 10. c4 Ne7 11. Nc3 a6 12. Bg5 h6 13. Bf4 e5 14. Bd2 Bd7 15. Ne1 g5 16. a3 Ng6 17. Nd3 Qc8 18. Rab1 Nh4 19. Ne1 O-O 20. b4 b6 21. bxc5 bxc5 22. Nc2 f5 23. f3 f4 24. Be1 Ng6 25. Bf2 Kh7 26. Rb6 Qc7 27. Rfb1 Rfb8 28. Rxb8 Rxb8 29. Rxb8 Qxb8 30. Qe1 Bf8 31. Kf1 Be7 32. Qb1 Qxb1+ 33. Nxb1 Ba4 {Ilegivel} 1/2-1/2